[Event "Team 45 45 League T38"]
[Site "Internet Chess Club"]
[Date "2008.08.24"]
[Round "5"]
[White "jjmolina"]
[Black "chesskix"]
[Result "1-0"]
[WhiteElo "1733"]
[BlackElo "1579"]
[Opening "Caro-Kann defense"]
[ECO "B15"]
[Time "13:01:24"]
[TimeControl "2700+45"]

1. e4 c6 2. d4 d5 3. Nc3 Nf6 4. e5 Ne4 5. Nxe4 dxe4 6. c3 Bf5 7. Ne2 e6 8. Ng3
Bg6 9. Ne2 Nd7 10. Nf4 Nxe5 11. dxe5 Qxd1+ 12. Kxd1 Bf5 13. Be3 Be7 14. h3 h6
15. g4 Bh7 16. Bg2 b6 17. Ke2 Rd8 18. Rad1 O-O 19. Rxd8 Rxd8 20. Rd1 Rxd1 21.
Kxd1 c5 22. Ne2 f5 23. exf6 Bxf6 24. Ng3 g5 25. Nxe4 Be5 26. Nd2 Kf7 27. Be4 Bg8
28. Nf3 Bf6 29. Kd2 Ke7 30. a4 a5 31. Bc6 Kd6 32. Bb5 e5 33. Ng1 Bh7 34. f3 Bg8
35. Bf2 Bf7 36. Ke3 Bg6 37. Ne2 Ke7 38. Ng3 Kf7 39. Ne4 Be7 40. Bd7 h5 41. Bg3
h4 42. Bxe5 Bd8 43. Bd6 Bh7 44. f4 gxf4+ 45. Kxf4 Bxe4 46. Kxe4 Bg5 47. Kf5 Bc1
48. b3 Bb2 49. c4 Bd4 50. g5 Kg7 51. Be8 Bc3 52. Be7 Be1 53. g6 Bc3 54. Kg5 Bd2+
55. Kxh4 Be1+ 56. Kg4 Bc3 57. h4 Bf6 58. Bxf6+ Kxf6 59. h5 Kg7 60. Kf5 b5 61.
Bxb5 Kg8 62. Ke5 Kg7 63. Kd5 Kg8 64. Kxc5 Kg7 65. b4 axb4 66. Kxb4 Kg8 67. a5
Kg7 68. a6 {Black resigns} 1-0